 Dungeon Crawl Stone Soup version 0.17.1-3-g152610e (webtiles) character file.

3679 Locuples the Basher (level 10, -2/110 HPs)
             Began as an Ogre Berserker on Apr 19, 2016.
             Was an Elder of Trog.
             Slain by a cyclops (27 damage)
             ... on level 8 of the Dungeon.
             The game lasted 00:19:18 (8304 turns).

Locuples the Basher (Ogre Berserker)                Turns: 8304, Time: 00:19:18

Health: -2/110     AC:  5    Str: 27    XL:     10   Next: 13%
Magic:  10/10      EV: 14    Int:  6    God:    Trog [****..]
Gold:   492        SH:  0    Dex:  9    Spells: 0 memorised, 9 levels left

rFire  . . .     SeeInvis +     F - +0 giant club
rCold  . . .     Clarity  .     f - +1 robe
rNeg   . . .     SustAt   .     (shield currently unavailable)
rPois  .         Gourm    .     (helmet restricted)
rElec  .         Spirit   .     n - +0 cloak
rCorr  .         Warding  .     (gloves unavailable)
rMut   .         Stasis   .     (boots unavailable)
MR     +....                    (no amulet)
Stlth  +.........               y - +2 ring of evasion
                                t - ring of see invisible

@: exhausted, slowed, very slow, somewhat resistant to hostile enchantments,
very unstealthy
A: unfitting armour, tough skin 1
a: Berserk, Trog's Hand, Brothers in Arms, Burn Spellbooks, Renounce Religion


You were on level 8 of the Dungeon.
You worshipped Trog.
Trog was greatly pleased with you.
You were very hungry.

You visited 1 branch of the dungeon, and saw 8 of its levels.

You collected 492 gold pieces.

Inventory:

Hand Weapons
 a - a +0 giant spiked club
 w - a +0 flail of venom
 F - a +0 giant club (weapon)
Armour
 f - a +1 robe (worn)
 n - a +0 cloak (worn)
Jewellery
 e - an uncursed ring of sustain attributes
 t - a ring of see invisible (left hand)
 y - a +2 ring of evasion (right hand)
 D - an uncursed ring of protection from cold {unknown}
 G - an uncursed amulet of warding {unknown}
Wands
 A - a wand of fireball (10)
 C - a wand of frost (24)
 H - a wand of digging (14)
Scrolls
 b - a scroll of remove curse {unknown}
 d - 2 scrolls of identify {unknown}
 g - 2 scrolls of teleportation
 i - 2 scrolls of enchant armour
 p - 3 scrolls of fog {unknown}
 r - a scroll of blinking {unknown}
 s - a scroll of magic mapping {unknown}
 B - a scroll of random uselessness {unknown}
 J - a scroll of torment {unknown}
Potions
 h - 4 potions of heal wounds {unknown}
 j - 4 potions of curing {unknown}
 l - 2 potions of agility
 m - a potion of cancellation
 o - a potion of might
 q - a potion of brilliance {unknown}
 u - a potion of lignification {unknown}
 v - a potion of flight {unknown}
 x - a potion of haste {unknown}
 E - a potion of degeneration {unknown}
Books
 z - a book of Changes

   Spells                             Type                      Level
   a - Beastly Appendage              Transmutation                1
   b - Sticks to Snakes               Transmutation                2
   c - Spider Form                    Transmutation/Poison         3
   d - Ice Form                       Ice/Transmutation            4
   e - Blade Hands                    Transmutation                5
   Trog disapproves of the use of such an item.
Comestibles
 c - 3 bread rations
 k - a beef jerky
 I - a chunk of flesh


   Skills:
 + Level 10.2 Fighting
 * Level 12.2 Maces & Flails
 + Level 8.0 Dodging


You had 9 spell levels left.
You didn't know any spells.

Dungeon Overview and Level Annotations

Branches:
Dungeon (8/15)             Temple (0/1) D:4
   Lair: D:8-11

Altars:
Dithmenos
Qazlal
Trog
Yredelemnul


Innate Abilities, Weirdness & Mutations

You are too large for most types of armour.
You have tough skin (AC +1).


Message History

Items here: )) [ † a dagger; a glowing robe; a mace; an orc corpse You feel a strong urge to attack something.
You are no longer berserk.
You are exhausted.
You feel yourself slow down.
You are feeling very hungry.
Found a club.
You thump the cyclops!
The cyclops is lightly wounded.
The orc closely misses you. The cyclops hits you.
* * * LOW HITPOINT WARNING * * *
The orc closely misses you.
You hit the cyclops.
The cyclops is moderately wounded.
The cyclops barely misses you. The orc hits you but does no damage.
You sock the cyclops!
The cyclops is heavily wounded.
The cyclops misses you. The orc barely misses you. The cyclops hits you!!
You die...

##...........## ##
##.........## ...... .##
##.......## #...... ..##
##......####.......
...###..#...............
....#..###.###...(......
.......# # ##........
.......## #.....<...
........## ##o@C......
....)....## ##.........)
...)[.....###.).........
..........#..()(......(.
...........(..###.....##
............### ######
...........##
......###### #######


You could see a cyclops and an orc.

Vanquished Creatures
  The ghost of BopBopBop the Sneak, a novice DsAs of Trog (D:6)
  Grinder (D:3)
  The ghost of MirrMurr the Covert, an amateur SpEn (D:5)
  A hippogriff (D:8)
  Edmund (D:4)
  The ghost of ShansongY the Firebug, an amateur GrFE (D:4)
  3 orc warriors
  A black bear (D:8)
  2 phantoms
  2 ice beasts
  6 ogres
  2 centaurs (D:6)
  3 giant frogs
  4 wights (D:7)
  2 scorpions
  A centaur zombie (D:7)
  A gnoll shaman (D:8)
  A hound (D:7)
  A giant frog skeleton (D:8)
  A jelly (D:7)
  3 orc priests
  6 orc wizards
  2 worker ants
  3 iguanas
  9 adders
  10 gnolls
  A shadow imp (D:6)
  An ooze (D:8)
  An adder zombie (D:7)
  An adder skeleton (D:7)
  2 worms
  5 giant geckos
  21 orcs
  6 bats
  4 giant cockroaches
  2 hobgoblins
  10 jackals
  4 quokkas
  A ball python (D:4)
  3 giant newts
  4 goblins
  4 kobolds
  A quokka skeleton (D:5)
  7 rats
147 creatures vanquished.

Notes
Turn   | Place    | Note
--------------------------------------------------------------
     0 | D:1      | Locuples the Ogre Berserker began the quest for the Orb.
     0 | D:1      | Reached XP level 1. HP: 24/24 MP: 1/1
    41 | D:1      | You fall through a shaft!
    56 | D:2      | Found a faded altar to an unknown god.
   319 | D:2      | Reached XP level 2. HP: 29/33 MP: 2/2
   842 | D:2      | Reached XP level 3. HP: 21/41 MP: 3/3
   929 | D:1      | Reached skill level 5 in Fighting
  1828 | D:3      | Noticed Grinder
  1835 | D:3      | Killed Grinder
  1835 | D:3      | Reached skill level 6 in Fighting
  1835 | D:3      | Reached skill level 5 in Maces & Flails
  1835 | D:3      | Reached XP level 4. HP: 47/53 MP: 4/4
  1835 | D:3      | Reached XP level 5. HP: 54/61 MP: 5/5
  1835 | D:3      | Reached XP level 6. HP: 60/68 MP: 6/6
  1985 | D:3      | Reached ** piety under Trog
  2200 | D:3      | Reached skill level 7 in Fighting
  2792 | D:3      | Found a stormy altar of Qazlal.
  2914 | D:4      | Found a staircase to the Ecumenical Temple.
  3019 | D:4      | Noticed Edmund
  3035 | D:4      | Killed Edmund
  3057 | D:4      | HP: 3/71 [poisoned by Edmund]
  3062 | D:4      | HP: 2/71 [poisoned by Edmund]
  3069 | D:4      | HP: 2/71 [poisoned by Edmund]
  3077 | D:4      | HP: 2/71 [poisoned by Edmund]
  3428 | D:4      | Reached XP level 7. HP: 78/78 MP: 7/7
  3456 | D:4      | Noticed ShansongY's ghost (amateur GrFE)
  3465 | D:4      | Killed ShansongY's ghost
  3465 | D:4      | Reached skill level 5 in Dodging
  3471 | D:4      | Reached skill level 8 in Fighting
  3632 | D:4      | Found a basalt altar of Yredelemnul.
  4136 | D:5      | Entered Level 5 of the Dungeon
  4243 | D:5      | Noticed MirrMurr's ghost (amateur SpEn)
  4307 | D:5      | Killed MirrMurr's ghost
  4307 | D:5      | Reached XP level 8. HP: 70/89 MP: 8/8
  4903 | D:5      | Found a shadowy altar of Dithmenos.
  5401 | D:6      | Found a bloodstained altar of Trog.
  5402 | D:6      | Noticed BopBopBop's ghost (novice DsAs)
  5414 | D:6      | Killed BopBopBop's ghost
  5414 | D:6      | Reached skill level 9 in Fighting
  5414 | D:6      | Reached XP level 9. HP: 75/98 MP: 9/9
  6015 | D:6      | Reached *** piety under Trog
  6176 | D:6      | Reached skill level 10 in Maces & Flails
  6651 | D:7      | Reached skill level 11 in Maces & Flails
  7760 | D:8      | Reached skill level 10 in Fighting
  7766 | D:8      | Reached XP level 10. HP: 66/110 MP: 10/10
  8070 | D:8      | Reached **** piety under Trog
  8074 | D:8      | Reached skill level 12 in Maces & Flails
  8286 | D:8      | Noticed a cyclops
  8304 | D:8      | Slain by a cyclops

Action                   |  1- 3 |  4- 6 |  7- 9 | 10-12 || total
-------------------------+-------+-------+-------+-------++-------
Melee: Mace              |    84 |    96 |       |       ||   180
       Flail             |       |     1 |    47 |       ||    48
       Giant spiked club |       |       |   105 |       ||   105
       Giant club        |       |       |   105 |    42 ||   147
Invok: Berserk           |     2 |     1 |     6 |     3 ||    12
  Use: Scroll            |       |     2 |       |       ||     2
       Potion            |       |     2 |       |       ||     2
  Eat: Chunk             |     3 |     8 |    12 |     5 ||    28
       Pizza             |       |       |     1 |       ||     1
       Meat ration       |       |       |     1 |       ||     1
